 Dungeon Crawl Stone Soup version 0.17.1-1-g73c8601 (webtiles) character file.

77 trogs the Chiller (level 4, -4/31 HPs)
             Began as a Merfolk Ice Elementalist on Dec 15, 2015.
             Killed by divine providence
             ... invoked by an orc priest
              (13 damage)
             ... on level 3 of the Dungeon.
             The game lasted 00:25:01 (2679 turns).

trogs the Chiller (Merfolk Ice Elementalist)        Turns: 2679, Time: 00:25:04

Health: -4/31      AC:  3    Str:  9      XL:     4   Next: 34%
Magic:  6/8        EV: 13    Int: 12 (14) God:
Gold:   80         SH:  0    Dex: 14      Spells: 2 memorised, 5 levels left

rFire  . . .     SeeInvis +     v - +0 morningstar
rCold  . . .     Clarity  .     s - +0 robe
rNeg   . . .     SustAt   .     (no shield)
rPois  .         Gourm    .     (no helmet)
rElec  .         Spirit   .     (no cloak)
rCorr  .         Warding  .     w - +0 pair of gloves
rMut   .         Stasis   +     (no boots)
MR     .....                    x - amulet of stasis
Stlth  ++........               (no ring)
                                i - ring of see invisible

@: very slightly contaminated, not resistant to hostile enchantments, unstealthy
A: change form in water, swift swim
a: no special abilities


You were on level 3 of the Dungeon.
You were hungry.

You visited 1 branch of the dungeon, and saw 3 of its levels.

You collected 80 gold pieces.

Inventory:

Hand Weapons
 m - a +0 club
 o - a +0 hunting sling
 r - a +0 club
 v - a +0 morningstar (weapon)
Armour
 a - a +0 robe
 g - a +0 pair of gloves
 s - a +0 robe (worn)
 t - a +0 naga barding
 u - a +0 robe
 w - a +0 pair of gloves (worn)
Jewellery
 i - a ring of see invisible (left hand)
 x - an amulet of stasis (around neck)
Scrolls
 e - a scroll of identify
 f - a scroll of remove curse
 h - 2 scrolls of fear
 j - 3 scrolls of enchant armour {unknown}
 q - a scroll of blinking
Potions
 k - 2 potions of curing {unknown}
 l - a potion of haste {unknown}
 p - a potion of magic {unknown}
Books
 b - a book of Frost

   Spells                             Type                      Level
   a - Freeze                         Ice                          1
   b - Throw Frost                    Conjuration/Ice              2
   c - Ozocubu's Armour               Charms/Ice                   3
   d - Throw Icicle                   Conjuration/Ice              4
   e - Summon Ice Beast               Ice/Summoning                4
   f - Condensation Shield            Ice                          4
Comestibles
 c - 4 bread rations
 d - 6 fruits
 n - 5 meat rations


   Skills:
 + Level 0.4 Fighting
 + Level 3.6 Dodging
 + Level 2.4 Stealth
 + Level 2.9 Spellcasting
 + Level 0.8 Conjurations
 + Level 4.1 Ice Magic


You had 5 spell levels left.
You knew the following spells:

 Your Spells              Type           Power        Failure   Level  Hunger
a - Freeze                Ice            ##..         6%          1    #......
b - Throw Frost           Conj/Ice       #.....       14%         2    ###....


Dungeon Overview and Level Annotations

Branches:
Dungeon (3/15)

Altars:
Makhleb
Qazlal
Zin


Message History

You miscast Freeze.
You are very lightly contaminated with residual magic.
A chill runs through your body.
The orc priest casts a cantrip, but nothing happens.
Casting: Freeze
Confirm with . or Enter, or press ? or * to list all spells.
Aiming: Freeze
Press: ? - help, Shift-Dir - straight line, f/p - orc priest
Aim: an orc priest, wielding a mace and wearing a leather armour (moderately wounded)
You freeze the orc priest.
The orc priest is severely wounded.
The orc priest mumbles some strange prayers to Beogh against you.
Something smites you!
You hit the orc priest but do no damage.
The orc priest is severely wounded.
The orc priest hits you with a mace!
* * * LOW HITPOINT WARNING * * *
The orc priest mumbles some strange prayers to Beogh against you.
Something smites you!
You die...

#### #..#..###.#
####..#......#
#.....#...#..#
#.o...#......#
#..@.....##..#
#....##......##.#
#....##.#.......#
#..........#
#...###.##.######.#
#...# #.##........#
#...# #.....#.#####
#......######.######
.(... . #.......


You could see an orc priest.

Vanquished Creatures
  Jessica (D:2)
  An adder (D:2)
  A worm (D:2)
  2 giant geckos (D:1)
  3 orcs (D:3)
  2 giant cockroaches
  5 goblins
  5 hobgoblins
  2 kobolds (D:2)
  5 bats
  A giant newt (D:1)
  2 jackals (D:3)
  7 rats
37 creatures vanquished.

Notes
Turn   | Place    | Note
--------------------------------------------------------------
     0 | D:1      | trogs the Merfolk Ice Elementalist began the quest for the Orb.
     0 | D:1      | Reached XP level 1. HP: 13/13 MP: 3/3
   419 | D:1      | Reached XP level 2. HP: 8/19 MP: 1/5
   608 | D:1      | Learned a level 2 spell: Throw Frost
  1374 | D:2      | Found a stormy altar of Qazlal.
  1386 | D:2      | Noticed Jessica
  1580 | D:2      | Killed Jessica
  1580 | D:2      | Reached XP level 3. HP: 24/24 MP: 1/7
  1828 | D:2      | Found a glowing silver altar of Zin.
  1828 | D:2      | Found a burning altar of Makhleb.
  1829 | D:2      | Noticed a green death
  1829 | D:2      | Noticed an angel
  2018 | D:2      | Reached XP level 4. HP: 30/30 MP: 0/8
  2158 | D:2      | Reached skill level 4 in Ice Magic
  2307 | D:3      | Found a faded altar to an unknown god.
  2679 | D:3      | Killed from afar by an orc priest

Action                   |  1- 3 |  4- 6 || total
-------------------------+-------+-------++-------
Melee: Unarmed           |    11 |       ||    11
       Club              |    57 |    11 ||    68
       Morningstar       |       |     7 ||     7
 Cast: Freeze            |    33 |    12 ||    45
       Throw Frost       |     7 |     1 ||     8
  Use: Scroll            |     3 |     3 ||     6
       Potion            |       |     1 ||     1
 Stab: Distracted        |     1 |       ||     1
       Sleeping          |     1 |     3 ||     4
  Eat: Chunk             |     4 |       ||     4
       Fruit             |     1 |       ||     1
       Beef jerky        |       |     1 ||     1
